 Dungeon Crawl Stone Soup version 0.31-a0-600-g62dffe198b (webtiles) character file.

Game seed: 8690178590400693595

5456 CrazyBamboolord the Thaumaturge (level 11, -10/70 HPs)
             Began as a Djinni Conjurer on Aug 20, 2023.
             Was a Follower of Makhleb.
             Killed by an exploding fulminant prism (32 damage)
             ... on level 9 of the Dungeon on Aug 21, 2023.
             The game lasted 00:22:35 (8810 turns).

CrazyBamboolord the Thaumaturge (Djinni Conjurer)   Turns: 8810, Time: 00:22:36

Health: -10/70     AC:  5    Str:  6    XL:     11   Next: 0%
Gold:   83         EV: 14    Int: 30    God:    Makhleb [*.....] SH:  0 Dex: 12

rFire   + + .        o - +7 Throatcutter {drain, coup de grace}
rCold   x . .        (no shield)
rNeg    . . .        a - +0 robe
rPois   ∞            i - +0 helmet
rElec   .            e - +0 cloak
rCorr   .            s - +0 pair of gloves
SInv    +            (boots unavailable)
Will    +....        (no amulet)
Stlth   +++          u - ring of see invisible
HPRegen 0.31/turn    C - +6 ring of intelligence
MPRegen 0.00/turn

%: infuse magic (-11 HP)
@: marked, flying
A: sickness immunity, fire resistance 2, cold vulnerability 1, float, innate
caster, HP casting, extra vitality 1
a: Renounce Religion


You were on level 9 of the Dungeon.
You worshipped Makhleb.
Makhleb was aware of your devotion.
You visited 2 branches of the dungeon, and saw 10 of its levels.

You collected 587 gold pieces.
You spent 504 gold pieces at shops.

Inventory:

Hand Weapons
 m - a +2 spectral quarterstaff
 o - the +7 Throatcutter (weapon) {drain, coup de grace}
   (You found it on level 3 of the Dungeon)
Armour
 a - a +0 robe (worn)
 e - a +0 cloak (worn)
 i - a +0 helmet (worn)
 s - a +0 pair of gloves (worn)
Jewellery
 u - a ring of see invisible (left hand)
 C - a +6 ring of intelligence (right hand)
Wands
 z - a wand of iceblast (4)
 E - a wand of charming (7)
Scrolls
 b - a scroll of revelation {unknown}
 c - 4 scrolls of noise
 d - a scroll of enchant armour {unknown}
 n - a scroll of blinking {unknown}
 p - 4 scrolls of teleportation {unknown}
 q - 2 scrolls of poison {unknown}
 r - 2 scrolls of silence {unknown}
 t - 2 scrolls of fog {unknown}
 v - 3 scrolls of vulnerability {unknown}
 y - 2 scrolls of fear {unknown}
 F - a scroll of amnesia {unknown}
 G - a scroll of brand weapon {unknown}
Potions
 f - 3 potions of lignification {unknown}
 h - 4 potions of haste
 j - a potion of berserk rage {unknown}
 k - 2 potions of attraction {unknown}
 l - 2 potions of brilliance {unknown}
 w - a potion of might {unknown}
 x - a potion of degeneration {unknown}
 A - a potion of heal wounds {unknown}
 B - a potion of ambrosia {unknown}
 D - a potion of mutation {unknown}


   Skills:
 + Level 2.8 Fighting
 * Level 7.5 Dodging
 + Level 4.6 Stealth
 * Level 9.8 Spellcasting
 * Level 9.8 Conjurations
 * Level 9.8 Hexes
 * Level 9.8 Summonings
 * Level 9.8 Necromancy
 * Level 9.8 Translocations
 * Level 9.8 Transmutations
 * Level 9.8 Fire Magic
 * Level 9.8 Ice Magic
 * Level 9.8 Air Magic
 * Level 9.8 Earth Magic
 * Level 9.8 Poison Magic
 * Level 4.2 Invocations


You knew the following spells:

 Your Spells              Type           Power      Damage    Failure   Level
a - Magic Dart            Conj           100%       1d8       1%          1
b - Searing Ray           Conj           100%       2d8       1%          2
c - Dazzling Flash        Conj/Hex       100%       N/A       1%          3
d - Fulminant Prism       Conj/Hex       32%        3d16      1%          4
e - Iskenderun's Mystic   Conj/Tloc      65%        2d13      1%          4
f - Kiss of Death         Conj/Necr      100%       2d13      1%          1
g - Momentum Strike       Conj/Tloc      100%       3d10      1%          2
h - Static Discharge      Conj/Air       100%       2-7/arc   1%          2
i - Ozocubu's Armour      Ice            65%        N/A       1%          3
j - Leda's Liquefaction   Hex/Erth       32%        N/A       1%          4
Your spell library was empty.

Dungeon Overview and Level Annotations

Branches:
Dungeon (9/15)             Temple (1/1) D:6             Orc (0/2) D:9
   Lair: D:8-11

Altars:
Ashenzari
Dithmenos
Elyvilon
Fedhas
Gozag
Hepliaklqana
Makhleb
Nemelex Xobeh
Okawaru
Qazlal
Ru
Trog
Uskayaw
Wu Jian
Xom
Yredelemnul
Zin
The Shining One

Shops:
D:3 =   D:7 ?([=   D:8 *   D:9 *

Annotations:
D:9 Harold


Innate Abilities, Weirdness & Mutations

You are immune to sickness and miasma.
You are immune to poison.
Your flesh is very heat resistant. (rF++)
You are vulnerable to cold. (rC-)
You float through the air rather than walking.
You learn spells naturally, not from books.
Your magical power is your life essence.
You have superior vitality. (+4 MHP)


Message History

Makhleb accepts your kill.
The blast of energy engulfs Harold!!
Harold is heavily wounded.
Casting: Fulminant Prism (mildly dangerous; 1% risk of failure)
Confirm with . or Enter, or press ? or * to list all spells.
You can't see any susceptible monsters within range! (Use Z to cast anyway.) Unknown command.
Casting: Fulminant Prism (mildly dangerous; 1% risk of failure)
Confirm with . or Enter, or press ? or * to list all spells.
Aiming: Fulminant Prism (mildly dangerous; 1% risk of failure)
Press: ? - help, Dir - move target You conjure a prism of explosive energy!
A fulminant prism comes into view.
Harold gestures at you while chanting. A sentinel's mark forms upon you.
Your fulminant prism crackles loudly.
Harold throws a throwing net.
The throwing net hits you.
You become entangled in the net!
Your fulminant prism explodes!
Items here: $ ( ))) [[ ††.
Unknown command.
Casting: Fulminant Prism (mildly dangerous; 1% risk of failure)
Confirm with . or Enter, or press ? or * to list all spells.
You erupt in a blast of force!
The mystic blast hits Harold!
Harold is heavily wounded.
Harold is knocked back by the mystic blast.
Unknown command.
Casting: Iskenderun's Mystic Blast (mildly dangerous; 1% risk of failure)
Confirm with . or Enter, or press ? or * to list all spells.
Aiming: Fulminant Prism (mildly dangerous; 1% risk of failure)
Press: ? - help, Dir - move target You conjure a prism of explosive energy!
A fulminant prism comes into view.
Your fulminant prism crackles loudly.
Harold fires a harpoon shot at you. The harpoon shot hits you.
You are yanked forward by the harpoon shot.
A gnoll comes into view. It is wielding a +0 whip.
Your fulminant prism explodes!
The blast of energy engulfs you!!
You die...

#.....#####.#
####### #.#
.. #.## ##.##
#..#####.[...
##.##.....8..
#)##....[...
#.()).......
##.)8.)..>.g
##.@...)...
##)@......
#.....8..
####.....
##..# .. #


You could see Harold and a gnoll.

Vanquished Creatures
  Psyche (D:9)
  3 kobold demonologists (D:9)
  A wyvern (D:9)
  Eustachio (D:4)
  4 yaks (D:8)
  Grum (D:9)
  An acid dragon (D:8)
  A water moccasin (D:6)
  3 orc warriors (D:9)
  An ice beast (D:7)
  2 black bears
  An ogre (D:6)
  4 wolves (D:9)
  A centaur (D:9)
  A phantom (D:6)
  3 kobold brigands
  4 bullfrogs
  Blork the orc (D:5)
  A scorpion (D:5)
  5 wights (D:6)
  6 killer bees (D:7)
  3 howler monkeys (D:9)
  3 jellies
  6 orc priests
  A gnoll bouda (D:5)
  2 hounds
  2 sleepcaps
  An iguana (D:6)
  5 orc wizards
  12 gnolls (D:5)
  3 adders (D:5)
  A shadow imp (D:6)
  A white imp (D:6)
  A worm (D:3)
  3 dart slugs
  22 orcs
  10 ball pythons
  3 endoplasms
  5 giant cockroaches
  A hobgoblin (D:3)
  6 jackals
  3 quokkas
  6 bats
  3 frilled lizards
  6 goblins
  10 kobolds
  2 rats
  A fulminant prism (D:9)
168 creatures vanquished.

Vanquished Creatures (others)
  32 fulminant prisms
32 creatures vanquished.

Grand Total: 200 creatures vanquished

Notes
Turn   | Place    | Note
-------+----------+-------------------------------------------
     0 | D:1      | CrazyBamboolord the Djinni Conjurer began the quest for the
                  | Orb.
     0 | D:1      | CrazyBamboolord set off with the following spells
                  | memorised: Magic Dart, Searing Ray, Dazzling Flash,
                  | Fulminant Prism, Iskenderun's Mystic Blast.
     0 | D:1      | Reached XP level 1. HP: 15/15 MP: 0/0
   148 | D:1      | Reached XP level 2. HP: 20/21 MP: 0/0
   197 | D:1      | Found a faded altar of an unknown god.
   659 | D:1      | Reached XP level 3. HP: 22/25 MP: 0/0
   659 | D:1      | Learned a level 1 spell: Kiss of Death
  1645 | D:3      | Found Quhomy's Jewellery Emporium.
  1819 | D:3      | Upgraded the game from 0.31-a0-595-g4209ae197b to
                  | 0.31-a0-600-g62dffe198b
  1840 | D:3      | Reached XP level 4. HP: 29/31 MP: 0/0
  2046 | D:3      | Noticed a kobold brigand
  2046 | D:3      | Noticed a kobold brigand
  2054 | D:3      | Killed a kobold brigand
  2055 | D:3      | Reached XP level 5. HP: 25/35 MP: 0/0
  2055 | D:3      | Learned a level 2 spell: Momentum Strike
  2057 | D:3      | Killed a kobold brigand
  2058 | D:3      | Reached XP level 6. HP: 25/40 MP: 0/0
  2138 | D:3      | Found the +7 Throatcutter {drain, coup de grace}
  2368 | D:4      | Noticed Eustachio
  2377 | D:4      | Killed Eustachio
  2378 | D:4      | Reached skill level 5 in Spellcasting
  2378 | D:4      | Reached skill level 5 in Conjurations
  2378 | D:4      | Reached skill level 5 in Hexes
  2378 | D:4      | Reached skill level 5 in Summonings
  2378 | D:4      | Reached skill level 5 in Necromancy
  2378 | D:4      | Reached skill level 5 in Translocations
  2378 | D:4      | Reached skill level 5 in Transmutations
  2378 | D:4      | Reached skill level 5 in Fire Magic
  2378 | D:4      | Reached skill level 5 in Ice Magic
  2378 | D:4      | Reached skill level 5 in Air Magic
  2378 | D:4      | Reached skill level 5 in Earth Magic
  2378 | D:4      | Reached skill level 5 in Poison Magic
  2734 | D:4      | Reached XP level 7. HP: 44/46 MP: 0/0
  2734 | D:4      | Learned a level 2 spell: Static Discharge
  2878 | D:5      | Entered Level 5 of the Dungeon
  3066 | D:5      | Noticed Blork the orc
  3073 | D:5      | Killed Blork the orc
  3119 | D:5      | Reached skill level 1 in Fighting
  3518 | D:5      | Reached XP level 8. HP: 42/52 MP: 0/0
  4501 | D:6      | Found a staircase to the Ecumenical Temple.
  4536 | Temple   | Found a transporter.
  4536 | Temple   | Found a transporter.
  4536 | Temple   | Found a transporter.
  4536 | Temple   | Found a transporter.
  4536 | Temple   | Entered the Ecumenical Temple
  4670 | Temple   | Became a worshipper of Makhleb the Destroyer
  4810 | D:6      | Found an iron altar of Okawaru.
  5374 | D:6      | Reached XP level 9. HP: 31/58 MP: 0/0
  5374 | D:6      | Learned a level 3 spell: Ozocubu's Armour
  5501 | D:6      | Found an opulent altar of Gozag.
  5869 | D:7      | Found Inidotem's Antique Armour Shoppe.
  6177 | D:7      | Found Hygadimm's Jewellery Shop.
  6186 | D:7      | Reached skill level 5 in Dodging
  6231 | D:7      | You are sucked into a shaft and drop 1 floor!
  6483 | D:8      | Found Ijioc's Lightly-Used Armoury.
  6824 | D:7      | Found Ruenow's Magic Scroll Shop.
  7105 | D:7      | Found Zyr Ceir's Weapon Shoppe.
  7113 | D:7      | Reached * piety under Makhleb
  7471 | D:3      | Bought a +6 ring of intelligence for 504 gold pieces
  7641 | D:8      | Reached XP level 10. HP: 49/65 MP: 0/0
  8073 | D:9      | Reached skill level 1 in Invocations
  8090 | D:9      | Noticed a kobold demonologist
  8094 | D:9      | Noticed a kobold demonologist
  8095 | D:9      | Noticed a kobold demonologist
  8100 | D:9      | Killed a kobold demonologist
  8105 | D:9      | Killed a kobold demonologist
  8107 | D:9      | Killed a kobold demonologist
  8429 | D:9      | Found an ornate altar of the Wu Jian Council.
  8491 | D:9      | Found Zin's Purification Station.
  8492 | D:9      | Found a glowing silver altar of Zin.
  8542 | D:9      | Noticed Grum
  8550 | D:9      | Killed Grum
  8720 | D:9      | Noticed a green ugly thing
  8720 | D:9      | Noticed a manticore
  8720 | D:9      | Noticed a cyclops
  8721 | D:9      | Noticed a wizard
  8721 | D:9      | Noticed a green ugly thing
  8741 | D:9      | Identified the +1 quarterstaff of Vesyomau {freeze, Will+
                  | Int+4 Stlth-}
  8741 | D:9      | Noticed a centaur warrior
  8741 | D:9      | Noticed a cyclops
  8760 | D:9      | Noticed a black mamba
  8783 | D:9      | Noticed Psyche
  8789 | D:9      | Killed Psyche
  8795 | D:9      | Found a staircase to the Orcish Mines.
  8799 | D:9      | Reached XP level 11. HP: 42/70 MP: 0/0
  8799 | D:9      | Learned a level 4 spell: Leda's Liquefaction
  8799 | D:9      | Noticed Harold
  8810 | D:9      | Killed by an exploding fulminant prism

Illustrated notes

Levels and vault maps discovered:
D:1:      heliophobic_arrival_henge, layout_basic,
          hellmonk_ecumenical_altar_heavens_door
D:2:      layout_basic
D:3:      layout_basic, serial_shops, shop, dilly_guarded_unrand_throatcut
D:4:      layout_basic, uniq_eustachio
D:5:      layout_layer_cave, uniq_blork_the_orc
D:6:      layout_loops_corners, old_standard_altar, nicolae_gozag_seed_capital,
          okawaru_trees_2, temple_pool_b
D:7:      layout_basic, serial_shops, nicolae_shop_bloodbath_and_beyond, shop,
          shop, shop
D:8:      layout_cave_pods, minmay_shop_damaged
D:9:      layout_basic, lemuel_doored_altar, nicolae_wu_jian_wuxing_cycle,
          mainiacjoe_overflow_six_doors_small, zin_purify, david_orc_2,
          minivault_12, uniq_psyche, uniq_harold, uniq_grum
Temple:   hellmonk_temple_divided_pantheon

Skill      XL: |  1  2  3  4  5  6  7  8  9 10 |
---------------+-------------------------------+-----
Stealth        | 2 3 4 |  4.6
Dodging        | 3 4 5 7 |  7.5
Spellcasting   | 4 5 6 7 8 9 |  9.8
Conjurations   | 4 5 6 7 8 9 |  9.8
Hexes          | 4 5 6 7 8 9 |  9.8
Summonings     | 4 5 6 7 8 9 |  9.8
Necromancy     | 4 5 6 7 8 9 |  9.8
Translocations | 4 5 6 7 8 9 |  9.8
Transmutations | 4 5 6 7 8 9 |  9.8
Fire Magic     | 4 5 6 7 8 9 |  9.8
Ice Magic      | 4 5 6 7 8 9 |  9.8
Air Magic      | 4 5 6 7 8 9 |  9.8
Earth Magic    | 4 5 6 7 8 9 |  9.8
Poison Magic   | 4 5 6 7 8 9 |  9.8
Fighting       | 1 2 |  2.8
Invocations    | 4 |  4.2

Action                     |  1- 3 |  4- 6 |  7- 9 | 10-12 || total
---------------------------+-------+-------+-------+-------++-------
  Melee: Long sword        |       |       |       |     3 ||     3
   Cast: Magic Dart        |    87 |    33 |   160 |    23 ||   303
         Searing Ray       |       |     7 |     8 |       ||    15
         Momentum Strike   |       |     2 |    18 |     1 ||    21
         Iskenderun's Myst |       |     1 |     8 |    12 ||    21
         Static Discharge  |       |       |     7 |       ||     7
         Fulminant Prism   |       |       |    10 |    23 ||    33
         Ozocubu's Armour  |       |       |     1 |       ||     1
         Kiss of Death     |       |       |     1 |       ||     1
  Evoke: Wand              |       |       |       |     4 ||     4
    Use: Scroll            |       |     3 |       |       ||     3
         Potion            |       |       |       |     2 ||     2
 Armour: Robe              |     3 |     1 |    10 |     5 ||    19
  Dodge: Dodged            |     7 |     6 |    54 |    14 ||    81

Table legend: (Time is in decaauts)
 A = Elapsed time spent in this place.
 B = Non-inter-level travel time spent in this place.
 C = Inter-level travel time spent in this place.
 D = Time resting spent in this place.
 E = Time spent auto-exploring this place.
 F = Levels seen in this place.
 G = Mean time per level.
                   A        B        C        D        E       F      G
               +--------+--------+--------+--------+--------+-----+--------+
         Total |   8817 |   8006 |    811 |    716 |   6329 |  10 |  881.7 |
       Dungeon |   8651 |   7840 |    811 |    670 |   6329 |   9 |  961.2 |
        Temple |    165 |    165 |      0 |     46 |      0 |   1 |  165.0 |
               +--------+--------+--------+--------+--------+-----+--------+

Top non-repeatable levels by time:
     D:5: 1428 daAuts
     D:6: 1294 daAuts
     D:3: 1102 daAuts
     D:7: 984 daAuts
     D:8: 964 daAuts
     D:9: 810 daAuts
     D:4: 753 daAuts
     D:1: 753 daAuts
     D:2: 559 daAuts
  Temple: 165 daAuts
